Sewer Rats vs Senators
Created - February 3, 2019 at 22:44
Goals
|
Sewer Rats |
0 |
0 |
2 |
2 |
Senators |
0 |
1 |
0 |
1 |
|
Shots
|
Sewer Rats |
8 |
6 |
4 |
18 |
Senators |
5 |
16 |
7 |
28 |
|
1st period
No Goal
Penalties :
Matt Lashoff (Tol) for Slashing (Double Minor) at 5:39, Daniel Carr (Tol) for Hooking (Minor) at 16:04
2nd period
1. Senators , Zemgus Girgensons 6 (Johannes Salmonsson 11, Sebastian Wannstrom 10) at 3:07
Penalties :
Mark Mancari (Tol) for Hooking (Minor) at 6:06, Ryan Murphy (Tol) for Hooking (Minor) at 17:18
3rd period
2. Sewer Rats , Jonathan Huberdeau 22 (Jonathan Marchessault 28) at 6:47 (PP)
3. Sewer Rats , Nick Cousins 7 (John Ramage 7) at 9:35
Penalties :
Olli Maatta (BIN) for Diving (Minor) at 0:59, Olli Maatta (BIN) for Holding (Minor) at 6:45, Xavier Ouellet (Tol) for Hooking (Minor) at 12:12, Jonathan Marchessault (Tol) for Interference (Minor) at 18:13
Goalie Stats
Marek Mazanek (Tol), 27 saves from 28 shots - (0.964), W, 31-4-3, 60:00 minutes
Brad Thiessen (BIN), 16 saves from 18 shots - (0.889), L, 11-15-4, 59:00 minutes
Players Stats for Sewer Rats
Player Name G A P +/- PIM S H SB GA TA FO MP PP MP PK MP
------------------------------------------------------------------------------------
Anthony Duclair 0 0 0 1 0 2 1 0 0 0 0/0 7:08 0:00 0:09
Connor Carrick 0 0 0 0 0 0 0 0 0 0 0/0 6:43 0:00 0:45
Daniel Carr 0 0 0 -1 2 1 1 1 0 0 0/0 11:16 0:00 1:34
Dmitrij Jaskin 0 0 0 1 0 2 1 0 0 0 0/0 6:59 0:00 0:00
Erik Condra 0 0 0 -1 0 1 2 0 0 0 0/0 14:17 0:58 3:39
Jarred Tinordi 0 0 0 -1 0 0 2 2 0 0 0/0 18:41 0:53 5:28
Joel Edmundson 0 0 0 -1 0 0 0 2 0 1 0/0 18:41 0:53 5:28
John Ramage 0 1 1 1 0 0 1 1 0 0 0/0 10:31 0:00 0:00
Jonathan Huberdeau 1 0 1 0 0 1 1 2 1 0 1/1 21:22 0:58 5:30
Jonathan Marchessault 0 1 1 0 2 1 0 2 0 0 6/11 12:38 0:58 0:00
Mark Mancari 0 0 0 0 2 1 1 0 0 1 1/2 21:33 1:03 4:48
Martin Frk 0 0 0 0 0 2 0 0 0 1 1/1 15:24 0:00 3:28
Matt Lashoff 0 0 0 0 4 0 2 1 0 0 0/0 22:47 1:08 5:48
Nick Cousins 1 0 1 1 0 2 0 0 0 0 1/3 6:59 0:00 0:00
Ryan Murphy 0 0 0 1 2 1 0 0 0 0 0/0 13:06 0:00 1:54
Steven Kampfer 0 0 0 0 0 0 0 0 0 1 0/0 24:36 1:08 7:59
Ville Leino 0 0 0 0 0 2 4 0 0 2 1/5 20:09 1:03 6:21
Vincent Trocheck 0 0 0 0 0 1 2 1 0 0 7/20 17:34 1:03 1:53
William Karlsson 0 0 0 -1 0 0 1 0 0 0 1/2 9:40 0:00 0:00
Xavier Ouellet 0 0 0 0 2 1 0 0 0 0 0/0 6:09 0:00 0:00
Players Stats for Senators
Player Name G A P +/- PIM S H SB GA TA FO MP PP MP PK MP
------------------------------------------------------------------------------------
Andy Andreoff 0 0 0 0 0 0 3 0 0 0 0/0 7:43 0:29 0:55
Blake Coleman 0 0 0 0 0 0 0 0 0 0 0/1 0:48 0:00 0:48
Brett Bulmer 0 0 0 0 0 0 0 0 0 0 0/0 1:21 1:07 0:00
Chandler Stephenson 0 0 0 0 0 1 0 0 0 0 0/1 6:19 0:00 0:00
Dylan Blujus 0 0 0 0 0 0 1 2 0 0 0/0 18:30 5:50 0:35
Gabriel Bourque 0 0 0 0 0 4 0 0 3 1 0/2 21:34 6:35 0:56
Grant Besse 0 0 0 0 0 1 0 0 0 0 0/0 6:59 0:28 0:00
Johannes Salmonsson 0 1 1 0 0 3 2 0 1 0 0/0 12:08 0:00 0:10
Keegan Lowe 0 0 0 0 0 1 0 0 0 0 0/0 14:48 0:45 0:00
Mason Geertsen 0 0 0 0 0 0 1 1 0 0 0/0 15:59 0:45 1:14
Matt Frattin 0 0 0 0 0 3 1 2 0 0 0/0 20:50 6:47 0:00
Nick Foligno 0 0 0 0 0 1 0 1 0 0 0/0 17:49 5:55 0:10
Olli Maatta 0 0 0 0 4 1 1 2 0 0 0/0 25:13 7:06 0:00
Phil Di Giuseppe 0 0 0 0 0 0 1 0 0 0 0/0 1:12 0:58 0:00
Samuel Morin 0 0 0 0 0 1 0 2 1 0 0/0 26:45 7:06 1:26
Scott Harrington 0 0 0 0 0 1 5 1 0 0 0/0 18:43 5:50 0:47
Sebastian Wannstrom 0 1 1 0 0 2 0 0 0 0 0/0 11:58 0:00 0:00
Stephane Da Costa 0 0 0 0 0 4 1 0 1 0 18/31 22:02 6:54 1:03
Tomas Jurco 0 0 0 0 0 0 1 0 0 0 0/0 17:39 5:55 0:00
Tommy Wingels 0 0 0 0 0 2 1 1 0 0 5/6 17:39 5:55 0:00
Zemgus Girgensons 1 0 1 0 0 3 1 1 0 0 3/4 11:58 0:00 0:00
3 Stars
1 - Marek Mazanek (Tol)
2 - Nick Cousins (Tol)
3 - Jonathan Huberdeau (Tol)
Power Play
Sewer Rats - 1 on 2 Attempt(s) - 50.00%
Senators - 0 on 7 Attempt(s) - 0.00%
Penalty Kill
Sewer Rats - 7 on 7 Attempt(s) - 100.00%
- Score 0 goal in Penalty Kill
Senators - 1 on 2 Attempt(s) - 50.00%
- Score 0 goal in Penalty Kill
Team Stat
Sewer Rats - Hits : 19 - Faceoff Wins : 19 - Blocked Shots : 12 - Penalty Minutes : 14
Senators - Hits : 19 - Faceoff Wins : 26 - Blocked Shots : 13 - Penalty Minutes : 4
Official
Referees : Unknown
Linesman : Unknown
Game Notes
No Game Note
Finance
Level 1 -- Attendance: 1340 (67.00%) -- Ticket Income $44,220
Level 2 -- Attendance: 699 (69.90%) -- Ticket Income $10,485
Total Attendance: 2039 (67.97%)
Total Ticket Income: $54,705
Other Income: $2,735
Total Income: $57,440
Sewer Rats
5 vs 5 Forward
Center Left Wing Right Wing Time % Phy DF OF
1 Vincent Trocheck Jonathan Huberdeau Mark Mancari 40 1 2 2
2 Jonathan Marchessault Ville Leino Martin Frk 30 1 2 2
3 William Karlsson Daniel Carr Erik Condra 20 1 2 2
4 Nick Cousins Anthony Duclair Dmitrij Jaskin 10 1 2 2
5 vs 5 Defense
Defense Defense Time % Phy DF OF
1 Matt Lashoff Steven Kampfer 40 1 2 2
2 Jarred Tinordi Joel Edmundson 30 1 2 2
3 John Ramage Ryan Murphy 20 1 2 2
4 Connor Carrick Xavier Ouellet 10 1 2 2
PowerPlay Forward
Center Left Wing Right Wing Time % Phy DF OF
1 Vincent Trocheck Ville Leino Mark Mancari 60 1 2 2
2 Jonathan Marchessault Jonathan Huberdeau Erik Condra 40 1 2 2
PowerPlay Defense
Defense Defense Time % Phy DF OF
1 Matt Lashoff Steven Kampfer 60 1 2 2
2 Jarred Tinordi Joel Edmundson 40 1 2 2
Penalty Kill 4 Players Forward
Center Wing Time % Phy DF OF
1 Ville Leino Mark Mancari 60 1 2 2
2 Erik Condra Jonathan Huberdeau 40 1 2 2
Penalty Kill 4 Players Defense
Defense Defense Time % Phy DF OF
1 Matt Lashoff Steven Kampfer 60 1 2 2
2 Jarred Tinordi Joel Edmundson 40 1 2 2
Penalty Kill - 3 Players Forward
Forward Time % Phy DF OF
1 Ville Leino 60 1 2 2
2 Mark Mancari 40 1 2 2
Penalty Kill - 3 Players Defense
Defense Defense Time % Phy DF OF
1 Matt Lashoff Steven Kampfer 60 1 2 2
2 Jarred Tinordi Joel Edmundson 40 1 2 2
4 vs 4 Forward
Center Wing Time % Phy DF OF
1 Ville Leino Mark Mancari 60 1 2 2
2 Erik Condra Jonathan Huberdeau 40 1 2 2
4 vs 4 Defense
Defense Defense Time % Phy DF OF
1 Matt Lashoff Steven Kampfer 60 1 2 2
2 Jarred Tinordi Joel Edmundson 40 1 2 2
Last Minutes Offensive
Center Left Wing Right Wing Defense Defense
Vincent Trocheck Ville Leino Mark Mancari Matt Lashoff Steven Kampfer
Last Minutes Defensive
Center Left Wing Right Wing Defense Defense
Vincent Trocheck Ville Leino Mark Mancari Matt Lashoff Steven Kampfer
Goaltenders
Starting : Marek Mazanek
Backup : Antoine Bibeau
Extra Forwards
Normal : Daniel Carr, William Karlsson, Martin Frk - PP : Daniel Carr, William Karlsson - PK : Martin Frk
Extra Defensemen
Normal : John Ramage, Ryan Murphy, Connor Carrick - PP : John Ramage - PK : Ryan Murphy, Connor Carrick
Penalty Shots
Ville Leino, Mark Mancari, Erik Condra, Jonathan Huberdeau, Vincent Trocheck
Scratches
Dominik Kubalik (Healthy), Josh Archibald (Healthy), Jonathan Racine (Healthy), Joseph Blandisi (Healthy), Tyler Motte (Healthy)
Chris Calhan (Healthy), Sergei Kostenko (Healthy)
Senators
5 vs 5 Forward
Center Left Wing Right Wing Time % Phy DF OF
1 Stephane Da Costa Gabriel Bourque Matt Frattin 40 1 2 2
2 Tommy Wingels Nick Foligno Tomas Jurco 30 1 2 2
3 Zemgus Girgensons Johannes Salmonsson Sebastian Wannstrom 20 1 2 2
4 Chandler Stephenson Andy Andreoff Grant Besse 10 1 2 2
5 vs 5 Defense
Defense Defense Time % Phy DF OF
1 Olli Maatta Samuel Morin 40 1 2 2
2 Scott Harrington Dylan Blujus 30 1 2 2
3 Keegan Lowe Mason Geertsen 20 1 2 2
4 Olli Maatta Samuel Morin 10 1 2 2
PowerPlay Forward
Center Left Wing Right Wing Time % Phy DF OF
1 Stephane Da Costa Gabriel Bourque Matt Frattin 60 1 2 2
2 Tommy Wingels Nick Foligno Tomas Jurco 40 1 2 2
PowerPlay Defense
Defense Defense Time % Phy DF OF
1 Olli Maatta Samuel Morin 60 1 2 2
2 Scott Harrington Dylan Blujus 40 1 2 2
Penalty Kill 4 Players Forward
Center Wing Time % Phy DF OF
1 Stephane Da Costa Gabriel Bourque 60 1 2 2
2 Nick Foligno Johannes Salmonsson 40 1 2 2
Penalty Kill 4 Players Defense
Defense Defense Time % Phy DF OF
1 Olli Maatta Samuel Morin 60 1 2 2
2 Scott Harrington Dylan Blujus 40 1 2 2
Penalty Kill - 3 Players Forward
Forward Time % Phy DF OF
1 Stephane Da Costa 60 1 2 2
2 Gabriel Bourque 40 1 2 2
Penalty Kill - 3 Players Defense
Defense Defense Time % Phy DF OF
1 Olli Maatta Samuel Morin 60 1 2 2
2 Scott Harrington Dylan Blujus 40 1 2 2
4 vs 4 Forward
Center Wing Time % Phy DF OF
1 Stephane Da Costa Gabriel Bourque 60 1 2 2
2 Nick Foligno Johannes Salmonsson 40 1 2 2
4 vs 4 Defense
Defense Defense Time % Phy DF OF
1 Olli Maatta Samuel Morin 60 1 2 2
2 Scott Harrington Dylan Blujus 40 1 2 2
Last Minutes Offensive
Center Left Wing Right Wing Defense Defense
Stephane Da Costa Gabriel Bourque Matt Frattin Olli Maatta Samuel Morin
Last Minutes Defensive
Center Left Wing Right Wing Defense Defense
Stephane Da Costa Gabriel Bourque Matt Frattin Olli Maatta Samuel Morin
Goaltenders
Starting : Brad Thiessen
Backup : Ben Bishop
Extra Forwards
Normal : Phil Di Giuseppe, Brett Bulmer, Blake Coleman - PP : Phil Di Giuseppe, Brett Bulmer - PK : Blake Coleman
Extra Defensemen
Normal : Keegan Lowe, Mason Geertsen, Scott Harrington - PP : Keegan Lowe - PK : Mason Geertsen, Scott Harrington
Penalty Shots
Stephane Da Costa, Gabriel Bourque, Nick Foligno, Johannes Salmonsson, Matt Frattin
Scratches
None
% Time on Ice - Sewer Rats
Lines # - Real PCT - Wanted PCT - Time Play
Normal Forward
1 - 36% - 40% - 15:58
2 - 26% - 30% - 11:41
3 - 22% - 20% - 9:40
4 - 16% - 10% - 6:59
Normal Defense
1 - 35% - 40% - 15:29
2 - 28% - 30% - 12:20
3 - 24% - 20% - 10:31
4 - 13% - 10% - 5:58
PP Forward
1 - 52% - 60% - 1:03
2 - 48% - 40% - 0:58
PP Defense
1 - 56% - 60% - 1:08
2 - 44% - 40% - 0:53
PK Forward
1 - 73% - 60% - 10:02
2 - 27% - 40% - 3:39
PK Defense
1 - 60% - 60% - 8:13
2 - 40% - 40% - 5:28
PK3 Forward
1 - 0% - 60%
2 - 0% - 40%
PK3 Defense
1 - 0% - 60%
2 - 0% - 40%
44 Forward
1 - 0% - 60%
2 - 0% - 40%
44 Defense
1 - 0% - 60%
2 - 0% - 40%
Last Minute Offensive - 0:00
Last Minute Defensive - 0:00
Total
Forward - 60:00
Defense - 60:00
|
% Time on Ice - Senators
Lines # - Real PCT - Wanted PCT - Time Play
Normal Forward
1 - 32% - 40% - 14:17
2 - 26% - 30% - 11:44
3 - 27% - 20% - 11:58
4 - 14% - 10% - 6:19
Normal Defense
1 - 40% - 40% - 17:36
2 - 27% - 30% - 12:05
3 - 31% - 20% - 13:37
4 - 2% - 10% - 1:00
PP Forward
1 - 55% - 60% - 7:35
2 - 45% - 40% - 6:06
PP Defense
1 - 52% - 60% - 7:06
2 - 48% - 40% - 6:35
PK Forward
1 - 92% - 60% - 1:51
2 - 8% - 40% - 0:10
PK Defense
1 - 71% - 60% - 1:26
2 - 29% - 40% - 0:35
PK3 Forward
1 - 0% - 60%
2 - 0% - 40%
PK3 Defense
1 - 0% - 60%
2 - 0% - 40%
44 Forward
1 - 0% - 60%
2 - 0% - 40%
44 Defense
1 - 0% - 60%
2 - 0% - 40%
Last Minute Offensive - 0:00
Last Minute Defensive - 0:00
Total
Forward - 60:00
Defense - 60:00
|
Play-by-Play
1st period
0:01 of 1st period - Stephane Da Costa wins face-off versus Vincent Trocheck in neutral zone.
1:13 of 1st period - Off-side.
1:14 of 1st period - Stephane Da Costa wins face-off versus Nick Cousins in neutral zone.
1:23 of 1st period - Snap shot by Stephane Da Costa.
1:23 of 1st period - Shot Misses the Net.
1:25 of 1st period - Slapshot by Keegan Lowe.
1:25 of 1st period - Deflect By Gabriel Bourque.
1:25 of 1st period - Stopped by Marek Mazanek with a rebound.
1:27 of 1st period - Snap shot by Matt Frattin.
1:27 of 1st period - Stopped by Marek Mazanek with a rebound.
1:39 of 1st period - John Ramage is hit by Tommy Wingels and loses puck.
1:50 of 1st period - Keegan Lowe is hit by Vincent Trocheck and loses puck.
2:01 of 1st period - Slapshot by Tommy Wingels.
2:01 of 1st period - Shot Misses the Net.
3:10 of 1st period - Snap shot by Zemgus Girgensons.
3:10 of 1st period - Stopped by Marek Mazanek without a rebound.
3:11 of 1st period - Jonathan Marchessault wins face-off versus Chandler Stephenson in Sewer Rats zone.
3:16 of 1st period - Wrist shot by Ville Leino.
3:16 of 1st period - Stopped by Brad Thiessen with a rebound.
3:18 of 1st period - Wrist shot by Jarred Tinordi.
3:18 of 1st period - Shot Blocked by Dylan Blujus.
3:40 of 1st period - Snap shot by Grant Besse.
3:40 of 1st period - Deflect By Chandler Stephenson.
3:40 of 1st period - Stopped by Marek Mazanek with a rebound.
4:42 of 1st period - Wrist shot by Ville Leino.
4:42 of 1st period - Shot Misses the Net.
4:44 of 1st period - Slapshot by Matt Lashoff.
4:44 of 1st period - Deflect By Jonathan Marchessault.
4:44 of 1st period - Stopped by Brad Thiessen without a rebound.
4:45 of 1st period - Stephane Da Costa wins face-off versus Vincent Trocheck in Senators zone.
5:12 of 1st period - Connor Carrick is hit by Johannes Salmonsson and loses puck.
5:31 of 1st period - Snap shot by Tommy Wingels.
5:31 of 1st period - Shot Misses the Net.
5:33 of 1st period - Slapshot by Keegan Lowe.
5:33 of 1st period - Stopped by Marek Mazanek without a rebound.
5:34 of 1st period - Tommy Wingels wins face-off versus Vincent Trocheck in Sewer Rats zone.
5:37 of 1st period - Snap shot by Tommy Wingels.
5:37 of 1st period - Shot Hit the Post.
5:39 of 1st period - Double Minor Penalty to Matt Lashoff for Slashing.
5:40 of 1st period - Ville Leino wins face-off versus Stephane Da Costa in Sewer Rats zone.
9:13 of 1st period - Gabriel Bourque is hit by Jarred Tinordi.
9:17 of 1st period - Backhand shot by Daniel Carr.
9:17 of 1st period - Shot Blocked by Mason Geertsen.
9:23 of 1st period - Daniel Carr is hit by Stephane Da Costa and loses puck.
9:39 of 1st period - Penalty to Matt Lashoff is over, Matt Lashoff is back on ice.
9:46 of 1st period - Ville Leino is hit by Johannes Salmonsson and loses puck.
10:14 of 1st period - Connor Carrick is hit by Andy Andreoff and loses puck.
11:08 of 1st period - Tommy Wingels is hit by John Ramage and loses puck.
13:02 of 1st period - Icing by Jonathan Huberdeau.
13:03 of 1st period - Zemgus Girgensons wins face-off versus Vincent Trocheck in Sewer Rats zone.
13:33 of 1st period - Slapshot by Jonathan Marchessault.
13:33 of 1st period - Shot Misses the Net.
13:35 of 1st period - Snap shot by Xavier Ouellet.
13:35 of 1st period - Stopped by Brad Thiessen without a rebound.
13:36 of 1st period - Stephane Da Costa wins face-off versus Jonathan Marchessault in Senators zone.
13:45 of 1st period - Slapshot by Matt Frattin.
13:45 of 1st period - Shot Misses the Net.
13:47 of 1st period - Snap shot by Gabriel Bourque.
13:47 of 1st period - Shot Blocked by Joel Edmundson.
13:49 of 1st period - Snap shot by Matt Frattin.
13:49 of 1st period - Shot Misses the Net.
13:51 of 1st period - Wrist shot by Matt Frattin.
13:51 of 1st period - Shot Misses the Net.
14:26 of 1st period - Zemgus Girgensons is hit by Anthony Duclair and loses puck.
14:59 of 1st period - Mason Geertsen is hit by Erik Condra and loses puck.
15:06 of 1st period - Wrist shot by Erik Condra.
15:06 of 1st period - Stopped by Brad Thiessen without a rebound.
15:07 of 1st period - Stephane Da Costa wins face-off versus Jonathan Marchessault in Senators zone.
15:07 of 1st period - Stephane Da Costa is hit by Ville Leino.
15:19 of 1st period - Wrist shot by Stephane Da Costa.
15:19 of 1st period - Shot Misses the Net.
15:35 of 1st period - Wrist shot by Martin Frk.
15:35 of 1st period - Shot Blocked by Olli Maatta.
15:37 of 1st period - Snap shot by Vincent Trocheck.
15:37 of 1st period - Shot Misses the Net.
15:39 of 1st period - Snap shot by Vincent Trocheck.
15:39 of 1st period - Shot Misses the Net.
15:41 of 1st period - Snap shot by Jonathan Huberdeau.
15:41 of 1st period - Shot Misses the Net.
15:43 of 1st period - Snap shot by Ryan Murphy.
15:43 of 1st period - Stopped by Brad Thiessen with a rebound.
15:45 of 1st period - Wrist shot by Jonathan Huberdeau.
15:45 of 1st period - Shot Misses the Net.
15:55 of 1st period - Wrist shot by Daniel Carr.
15:55 of 1st period - Shot Blocked by Samuel Morin.
16:04 of 1st period - Minor Penalty to Daniel Carr for Hooking.
16:05 of 1st period - Stephane Da Costa wins face-off versus Ville Leino in Sewer Rats zone.
16:42 of 1st period - Erik Condra is hit by Tomas Jurco and loses puck.
18:02 of 1st period - Jarred Tinordi is hit by Olli Maatta.
18:04 of 1st period - Penalty to Daniel Carr is over, Daniel Carr is back on ice.
18:12 of 1st period - Snap shot by Anthony Duclair.
18:12 of 1st period - Stopped by Brad Thiessen with a rebound.
18:14 of 1st period - Slapshot by Dmitrij Jaskin.
18:14 of 1st period - Stopped by Brad Thiessen with a rebound.
18:16 of 1st period - Slapshot by John Ramage.
18:16 of 1st period - Shot Blocked by Samuel Morin.
18:18 of 1st period - Slapshot by John Ramage.
18:18 of 1st period - Shot Misses the Net.
18:20 of 1st period - Slapshot by Anthony Duclair.
18:20 of 1st period - Stopped by Brad Thiessen with a rebound.
18:22 of 1st period - Slapshot by Ryan Murphy.
18:22 of 1st period - Shot Misses the Net.
18:36 of 1st period - William Karlsson is hit by Andy Andreoff and loses puck.
19:25 of 1st period - Erik Condra is hit by Andy Andreoff.
19:51 of 1st period - Slapshot by Matt Lashoff.
19:51 of 1st period - Shot Misses the Net.
Goals for this period are 0 for Sewer Rats vs 0 for Senators.
Shots for this period are 8 for Sewer Rats vs 5 for Senators.
2nd period
0:01 of 2nd period - Vincent Trocheck wins face-off versus Stephane Da Costa in neutral zone.
0:16 of 2nd period - Wrist shot by Gabriel Bourque.
0:16 of 2nd period - Shot Misses the Net.
0:26 of 2nd period - Tomas Jurco is hit by Ville Leino and loses puck.
0:41 of 2nd period - Tommy Wingels is hit by Ville Leino and loses puck.
0:56 of 2nd period - Snap shot by Erik Condra.
0:56 of 2nd period - Deflect By Daniel Carr.
0:56 of 2nd period - Shot Misses the Net.
0:56 of 2nd period - Puck is out of play.
0:57 of 2nd period - Zemgus Girgensons wins face-off versus Vincent Trocheck in Senators zone.
1:02 of 2nd period - Slapshot by Zemgus Girgensons.
1:02 of 2nd period - Shot Misses the Net.
1:27 of 2nd period - Snap shot by Stephane Da Costa.
1:27 of 2nd period - Stopped by Marek Mazanek without a rebound.
1:28 of 2nd period - Vincent Trocheck wins face-off versus Stephane Da Costa in Sewer Rats zone.
2:05 of 2nd period - Snap shot by Johannes Salmonsson.
2:05 of 2nd period - Shot Blocked by Jonathan Huberdeau.
2:25 of 2nd period - Slapshot by Tommy Wingels.
2:25 of 2nd period - Shot Misses the Net.
3:05 of 2nd period - Snap shot by Johannes Salmonsson.
3:05 of 2nd period - Stopped by Marek Mazanek with a rebound.
3:07 of 2nd period - Snap shot by Zemgus Girgensons.
3:07 of 2nd period - Goal by Zemgus Girgensons - Sewer Rats : 0 - Senators : 1.
3:08 of 2nd period - Jonathan Marchessault wins face-off versus Stephane Da Costa in neutral zone.
3:20 of 2nd period - Snap shot by Joel Edmundson.
3:20 of 2nd period - Shot Blocked by Matt Frattin.
3:22 of 2nd period - Snap shot by Martin Frk.
3:22 of 2nd period - Shot Misses the Net.
3:24 of 2nd period - Slapshot by Joel Edmundson.
3:24 of 2nd period - Deflect By Martin Frk.
3:24 of 2nd period - Shot Misses the Net.
3:24 of 2nd period - Puck is out of play.
3:25 of 2nd period - Vincent Trocheck wins face-off versus Tommy Wingels in Senators zone.
3:34 of 2nd period - Wrist shot by Mark Mancari.
3:34 of 2nd period - Stopped by Brad Thiessen without a rebound.
3:35 of 2nd period - Tommy Wingels wins face-off versus Vincent Trocheck in Senators zone.
3:57 of 2nd period - Slapshot by Jonathan Huberdeau.
3:57 of 2nd period - Deflect By Vincent Trocheck.
3:57 of 2nd period - Shot Misses the Net.
3:57 of 2nd period - Puck is out of play.
3:58 of 2nd period - Jonathan Marchessault wins face-off versus Gabriel Bourque in Senators zone.
4:07 of 2nd period - Snap shot by Martin Frk.
4:07 of 2nd period - Shot Blocked by Scott Harrington.
4:09 of 2nd period - Snap shot by Martin Frk.
4:09 of 2nd period - Stopped by Brad Thiessen with a rebound.
4:11 of 2nd period - Slapshot by Joel Edmundson.
4:11 of 2nd period - Shot Blocked by Dylan Blujus.
4:13 of 2nd period - Slapshot by Martin Frk.
4:13 of 2nd period - Stopped by Brad Thiessen with a rebound.
4:23 of 2nd period - Daniel Carr is hit by Scott Harrington and loses puck.
5:04 of 2nd period - Wrist shot by Gabriel Bourque.
5:04 of 2nd period - Stopped by Marek Mazanek with a rebound.
5:49 of 2nd period - Wrist shot by Daniel Carr.
5:49 of 2nd period - Stopped by Brad Thiessen without a rebound.
5:50 of 2nd period - Vincent Trocheck wins face-off versus Stephane Da Costa in Senators zone.
5:59 of 2nd period - Slapshot by Stephane Da Costa.
5:59 of 2nd period - Deflect By Mark Mancari.
5:59 of 2nd period - Stopped by Marek Mazanek with a rebound.
6:01 of 2nd period - Wrist shot by Matt Frattin.
6:01 of 2nd period - Stopped by Marek Mazanek without a rebound.
6:02 of 2nd period - Stephane Da Costa wins face-off versus Vincent Trocheck in Sewer Rats zone.
6:06 of 2nd period - Minor Penalty to Mark Mancari for Hooking.
6:07 of 2nd period - Stephane Da Costa wins face-off versus Ville Leino in Sewer Rats zone.
6:40 of 2nd period - Wrist shot by Nick Foligno.
6:40 of 2nd period - Stopped by Marek Mazanek with a rebound.
7:24 of 2nd period - Daniel Carr is hit by Scott Harrington and loses puck.
8:06 of 2nd period - Penalty to Mark Mancari is over, Mark Mancari is back on ice.
8:19 of 2nd period - Wrist shot by Dmitrij Jaskin.
8:19 of 2nd period - Stopped by Brad Thiessen without a rebound.
8:20 of 2nd period - Zemgus Girgensons wins face-off versus Nick Cousins in Senators zone.
8:20 of 2nd period - Zemgus Girgensons is hit by Dmitrij Jaskin.
8:28 of 2nd period - Slapshot by Sebastian Wannstrom.
8:28 of 2nd period - Stopped by Marek Mazanek with a rebound.
8:46 of 2nd period - John Ramage is hit by Scott Harrington and loses puck.
9:07 of 2nd period - Keegan Lowe is hit by Erik Condra and loses puck.
9:57 of 2nd period - Wrist shot by Nick Cousins.
9:57 of 2nd period - Stopped by Brad Thiessen with a rebound.
10:09 of 2nd period - Wrist shot by Daniel Carr.
10:09 of 2nd period - Shot Blocked by Tommy Wingels.
10:27 of 2nd period - Wrist shot by Stephane Da Costa.
10:27 of 2nd period - Stopped by Marek Mazanek without a rebound.
10:28 of 2nd period - Jonathan Marchessault wins face-off versus Stephane Da Costa in Sewer Rats zone.
10:33 of 2nd period - Snap shot by Gabriel Bourque.
10:33 of 2nd period - Deflect By Stephane Da Costa.
10:33 of 2nd period - Shot Misses the Net.
10:33 of 2nd period - Puck is out of play.
10:34 of 2nd period - Stephane Da Costa wins face-off versus Vincent Trocheck in Sewer Rats zone.
10:37 of 2nd period - Snap shot by Gabriel Bourque.
10:37 of 2nd period - Shot Blocked by Jonathan Huberdeau.
11:04 of 2nd period - Snap shot by Martin Frk.
11:04 of 2nd period - Shot Blocked by Olli Maatta.
11:06 of 2nd period - Snap shot by Jonathan Marchessault.
11:06 of 2nd period - Deflect By Ville Leino.
11:06 of 2nd period - Shot Blocked by Nick Foligno.
11:06 of 2nd period - Puck is out of play.
11:07 of 2nd period - Stephane Da Costa wins face-off versus Jonathan Marchessault in Senators zone.
12:00 of 2nd period - Wrist shot by Johannes Salmonsson.
12:00 of 2nd period - Stopped by Marek Mazanek with a rebound.
13:44 of 2nd period - Samuel Morin is hit by Matt Lashoff and loses puck.
14:09 of 2nd period - Wrist shot by Gabriel Bourque.
14:09 of 2nd period - Stopped by Marek Mazanek with a rebound.
14:11 of 2nd period - Wrist shot by Gabriel Bourque.
14:11 of 2nd period - Deflect By Matt Frattin.
14:11 of 2nd period - Shot Blocked by Jonathan Marchessault.
14:11 of 2nd period - Puck is out of play.
14:12 of 2nd period - Stephane Da Costa wins face-off versus Vincent Trocheck in Sewer Rats zone.
14:15 of 2nd period - Slapshot by Gabriel Bourque.
14:15 of 2nd period - Stopped by Marek Mazanek with a rebound.
14:17 of 2nd period - Slapshot by Scott Harrington.
14:17 of 2nd period - Deflect By Vincent Trocheck.
14:17 of 2nd period - Stopped by Marek Mazanek with a rebound.
14:19 of 2nd period - Snap shot by Matt Frattin.
14:19 of 2nd period - Shot Misses the Net.
14:21 of 2nd period - Wrist shot by Matt Frattin.
14:21 of 2nd period - Deflect By Stephane Da Costa.
14:21 of 2nd period - Shot Misses the Net.
14:21 of 2nd period - Puck is out of play.
14:22 of 2nd period - Stephane Da Costa wins face-off versus Mark Mancari in Sewer Rats zone.
14:26 of 2nd period - Slapshot by Scott Harrington.
14:26 of 2nd period - Deflect By Gabriel Bourque.
14:26 of 2nd period - Shot Blocked by Jarred Tinordi.
14:26 of 2nd period - Puck is out of play.
14:27 of 2nd period - Stephane Da Costa wins face-off versus Vincent Trocheck in Sewer Rats zone.
14:41 of 2nd period - Matt Lashoff is hit by Dylan Blujus and loses puck.
14:52 of 2nd period - Tomas Jurco is hit by Matt Lashoff and loses puck.
16:02 of 2nd period - Mark Mancari is hit by Mason Geertsen.
16:22 of 2nd period - Snap shot by Nick Foligno.
16:22 of 2nd period - Shot Misses the Net.
16:24 of 2nd period - Slapshot by Keegan Lowe.
16:24 of 2nd period - Shot Blocked by Daniel Carr.
16:26 of 2nd period - Snap shot by Tommy Wingels.
16:26 of 2nd period - Stopped by Marek Mazanek with a rebound.
16:28 of 2nd period - Wrist shot by Tommy Wingels.
16:28 of 2nd period - Shot Blocked by John Ramage.
16:42 of 2nd period - Slapshot by Samuel Morin.
16:42 of 2nd period - Stopped by Marek Mazanek with a rebound.
16:46 of 2nd period - Wrist shot by Grant Besse.
16:46 of 2nd period - Shot Misses the Net.
16:52 of 2nd period - Snap shot by Andy Andreoff.
16:52 of 2nd period - Shot Blocked by Jonathan Marchessault.
17:08 of 2nd period - Wrist shot by Stephane Da Costa.
17:08 of 2nd period - Stopped by Marek Mazanek with a rebound.
17:10 of 2nd period - Slapshot by Stephane Da Costa.
17:10 of 2nd period - Shot Misses the Net.
17:12 of 2nd period - Snap shot by Gabriel Bourque.
17:12 of 2nd period - Shot Blocked by Vincent Trocheck.
17:18 of 2nd period - Minor Penalty to Ryan Murphy for Hooking.
17:19 of 2nd period - Stephane Da Costa wins face-off versus Ville Leino in Sewer Rats zone.
19:18 of 2nd period - Penalty to Ryan Murphy is over, Ryan Murphy is back on ice.
19:38 of 2nd period - Snap shot by Ville Leino.
19:38 of 2nd period - Shot Misses the Net.
Goals for this period are 0 for Sewer Rats vs 1 for Senators.
Shots for this period are 6 for Sewer Rats vs 16 for Senators.
3rd period
0:01 of 3rd period - Vincent Trocheck wins face-off versus Stephane Da Costa in neutral zone.
0:59 of 3rd period - Minor Penalty to Olli Maatta for Diving.
1:00 of 3rd period - Stephane Da Costa wins face-off versus Vincent Trocheck in Senators zone.
1:29 of 3rd period - Slapshot by Matt Lashoff.
1:29 of 3rd period - Deflect By Erik Condra.
1:29 of 3rd period - Deflect By Samuel Morin.
1:29 of 3rd period - Shot Misses the Net.
1:29 of 3rd period - Puck is out of play.
1:30 of 3rd period - Vincent Trocheck wins face-off versus Blake Coleman in Senators zone.
2:59 of 3rd period - Penalty to Olli Maatta is over, Olli Maatta is back on ice.
3:28 of 3rd period - Snap shot by Johannes Salmonsson.
3:28 of 3rd period - Stopped by Marek Mazanek with a rebound.
5:00 of 3rd period - Off-side.
5:01 of 3rd period - Tommy Wingels wins face-off versus Vincent Trocheck in neutral zone.
5:36 of 3rd period - Gabriel Bourque is hit by Vincent Trocheck and loses puck.
6:16 of 3rd period - Wrist shot by Grant Besse.
6:16 of 3rd period - Shot Misses the Net.
6:18 of 3rd period - Snap shot by Grant Besse.
6:18 of 3rd period - Stopped by Marek Mazanek without a rebound.
6:19 of 3rd period - Jonathan Marchessault wins face-off versus Stephane Da Costa in Sewer Rats zone.
6:45 of 3rd period - Minor Penalty to Olli Maatta for Holding.
6:46 of 3rd period - Jonathan Marchessault wins face-off versus Stephane Da Costa in Senators zone.
6:47 of 3rd period - Wrist shot by Jonathan Huberdeau.
6:47 of 3rd period - Goal by Jonathan Huberdeau - Sewer Rats : 1 - Senators : 1.
6:48 of 3rd period - Stephane Da Costa wins face-off versus Jonathan Marchessault in neutral zone.
7:15 of 3rd period - Tomas Jurco is hit by Mark Mancari and loses puck.
8:19 of 3rd period - Snap shot by Chandler Stephenson.
8:19 of 3rd period - Deflect By Ville Leino.
8:19 of 3rd period - Shot Misses the Net.
8:19 of 3rd period - Puck is out of play.
8:20 of 3rd period - Tommy Wingels wins face-off versus Vincent Trocheck in Sewer Rats zone.
8:47 of 3rd period - Mason Geertsen is hit by Daniel Carr.
8:53 of 3rd period - Stephane Da Costa is hit by William Karlsson and loses puck.
9:18 of 3rd period - Olli Maatta is hit by Ville Leino and loses puck.
9:35 of 3rd period - Slapshot by Nick Cousins.
9:35 of 3rd period - Goal by Nick Cousins - Sewer Rats : 2 - Senators : 1.
9:36 of 3rd period - Jonathan Huberdeau wins face-off versus Gabriel Bourque in neutral zone.
9:41 of 3rd period - Slapshot by Jonathan Huberdeau.
9:41 of 3rd period - Shot Blocked by Matt Frattin.
10:28 of 3rd period - Zemgus Girgensons is hit by Jarred Tinordi and loses puck.
10:47 of 3rd period - Snap shot by Stephane Da Costa.
10:47 of 3rd period - Shot Misses the Net.
11:12 of 3rd period - Icing by Connor Carrick.
11:13 of 3rd period - Vincent Trocheck wins face-off versus Stephane Da Costa in Sewer Rats zone.
11:28 of 3rd period - Jonathan Huberdeau is hit by Scott Harrington and loses puck.
11:59 of 3rd period - Backhand shot by Jonathan Huberdeau.
11:59 of 3rd period - Shot Blocked by Zemgus Girgensons.
12:01 of 3rd period - Wrist shot by Vincent Trocheck.
12:01 of 3rd period - Stopped by Brad Thiessen with a rebound.
12:12 of 3rd period - Minor Penalty to Xavier Ouellet for Hooking.
12:13 of 3rd period - Martin Frk wins face-off versus Stephane Da Costa in Sewer Rats zone.
14:10 of 3rd period - Matt Lashoff is hit by Phil Di Giuseppe and loses puck.
14:12 of 3rd period - Penalty to Xavier Ouellet is over, Xavier Ouellet is back on ice.
14:23 of 3rd period - Backhand shot by Ville Leino.
14:23 of 3rd period - Stopped by Brad Thiessen without a rebound.
14:24 of 3rd period - William Karlsson wins face-off versus Zemgus Girgensons in Senators zone.
14:25 of 3rd period - Slapshot by Erik Condra.
14:25 of 3rd period - Shot Misses the Net.
14:50 of 3rd period - William Karlsson is hit by Zemgus Girgensons and loses puck.
14:55 of 3rd period - Wrist shot by Zemgus Girgensons.
14:55 of 3rd period - Stopped by Marek Mazanek without a rebound.
14:56 of 3rd period - Mark Mancari wins face-off versus Stephane Da Costa in Sewer Rats zone.
15:36 of 3rd period - Snap shot by Tommy Wingels.
15:36 of 3rd period - Stopped by Marek Mazanek with a rebound.
15:59 of 3rd period - Slapshot by Sebastian Wannstrom.
15:59 of 3rd period - Stopped by Marek Mazanek with a rebound.
16:22 of 3rd period - Wrist shot by Daniel Carr.
16:22 of 3rd period - Shot Misses the Net.
16:59 of 3rd period - Icing by Nick Cousins.
17:00 of 3rd period - Nick Cousins wins face-off versus Stephane Da Costa in Sewer Rats zone.
17:00 of 3rd period - Nick Cousins is hit by Matt Frattin.
17:12 of 3rd period - Snap shot by Gabriel Bourque.
17:12 of 3rd period - Shot Blocked by Joel Edmundson.
17:14 of 3rd period - Slapshot by Olli Maatta.
17:14 of 3rd period - Shot Blocked by Jarred Tinordi.
17:16 of 3rd period - Snap shot by Olli Maatta.
17:16 of 3rd period - Deflect By Nick Cousins.
17:16 of 3rd period - Stopped by Marek Mazanek without a rebound.
17:17 of 3rd period - Tommy Wingels wins face-off versus William Karlsson in Sewer Rats zone.
17:44 of 3rd period - Vincent Trocheck is hit by Scott Harrington and loses puck.
18:02 of 3rd period - Icing by Samuel Morin.
18:03 of 3rd period - Stephane Da Costa wins face-off versus Jonathan Marchessault in Senators zone.
18:13 of 3rd period - Minor Penalty to Jonathan Marchessault for Interference.
18:14 of 3rd period - Stephane Da Costa wins face-off versus Ville Leino in Sewer Rats zone.
18:26 of 3rd period - Wrist shot by Matt Frattin.
18:26 of 3rd period - Stopped by Marek Mazanek with a rebound.
18:28 of 3rd period - Wrist shot by Gabriel Bourque.
18:28 of 3rd period - Shot Blocked by Matt Lashoff.
18:30 of 3rd period - Slapshot by Matt Frattin.
18:30 of 3rd period - Shot Misses the Net.
18:47 of 3rd period - Samuel Morin is hit by Jonathan Huberdeau and loses puck.
19:00 of 3rd period - Senators, Brad Thiessen is pulled from the net.
Goals for this period are 2 for Sewer Rats vs 0 for Senators.
Shots for this period are 4 for Sewer Rats vs 7 for Senators.
Back to the Top